 Dungeon Crawl Stone Soup version 0.29.1-2-gbd0b4ee654 (webtiles) character file.

Game seed: 16316352723790611386

1467 qeuew the Sneak (level 8, -7/42 HPs)
             Began as a Spriggan Hunter on Nov 9, 2022.
             Was a Believer of Dithmenos.
             Killed from afar by a gargoyle (21 damage)
             ... with a stone arrow
             ... on level 7 of the Dungeon.
             The game lasted 00:08:19 (6303 turns).

qeuew the Sneak (Spriggan Hunter)                   Turns: 6303, Time: 00:08:20

Health: -7/42      AC:  3    Str:  7    XL:     8   Next: 48%
Magic:  9/9        EV: 22    Int: 10    God:    Dithmenos [**....]
Gold:   315        SH:  0    Dex: 21    Spells: 7/7 levels left

rFire   + . .      SeeInvis +   r - +0 dagger (venom)
rCold   + . .      Faith    .   (no shield)
rNeg    . . .      Spirit   .   c - +1 robe
rPois   .          Reflect  .   (helmet restricted)
rElec   .          Harm     .   t - scarf {rC+ rF+}
rCorr   .          Rampage  .   (gloves unavailable)
Will    +....                   (boots unavailable)
Stlth   +++++.....              (no amulet)
HPRegen 0.14/turn               g - +4 ring of slaying
MPRegen 0.11/turn               (no ring)

@: on berserk cooldown, slowed, wreathed by umbra, quick
A: very small, no large weapons, unfitting armour, see invisible, speed 3
a: Renounce Religion, Shadow Step


You were on level 7 of the Dungeon.
You worshipped Dithmenos.
Dithmenos was pleased with you.
You visited 1 branch of the dungeon, and saw 7 of its levels.

You collected 315 gold pieces.

Inventory:

Hand Weapons
 a - a +0 shortbow
 r - a +0 dagger of venom (weapon)
Missiles
 n - a throwing net
Armour
 c - a +1 robe (worn)
 t - a scarf of resistance (worn)
Jewellery
 g - a +4 ring of slaying (left hand)
 j - a ring of magical power
Wands
 k - a wand of mindburst (21)
 q - a wand of roots (12)
Scrolls
 d - 3 scrolls of amnesia
 e - 2 scrolls of brand weapon
 i - 4 scrolls of fear
 l - 3 scrolls of teleportation
 s - a scroll of identify
 u - a scroll of enchant armour
Potions
 b - a potion of flight
 f - 3 potions of cancellation
 h - a potion of magic
 m - a potion of berserk rage
 o - a potion of mutation
 p - 5 potions of heal wounds


   Skills:
 + Level 4.1 Fighting
 + Level 4.8 Short Blades
 + Level 6.2 Ranged Weapons
 + Level 6.7 Dodging
 + Level 7.6 Stealth


You had 7 spell levels left.
You didn't know any spells.
Your spell library contained the following spells:

 Spells                   Type           Power      Damage    Failure   Level
 Frozen Ramparts          Ice            0%         1d1       75%         3
 Ice Form                 Ice/Tmut       0%         N/A       98%         4
 Summon Ice Beast         Ice/Summ       0%         N/A       98%         4


Dungeon Overview and Level Annotations

Branches:
Dungeon (7/15)             Temple (0/1) D:6

Altars:
Dithmenos
Elyvilon
Kikubaaqudgha
Okawaru
Sif Muna
Wu Jian
Xom

Shops:
D:3 *

Annotations:
D:3 1 runed translucent door, Crazy Yiuf


Innate Abilities, Weirdness & Mutations

You are very small and have problems with some larger weapons.
You are too small for most types of armour.
You have supernaturally acute eyesight. (SInv)
You cover ground extremely quickly. (Speed+++)


Message History

Done exploring.
As you read the scroll of identify, it crumbles to dust.
o - a potion of mutation It was a potion of berserk rage.
A red film seems to cover your vision as you go berserk!
You feel yourself moving faster!
You feel mighty!
You start waiting.
You feel a strong urge to attack something.
You start waiting.
You feel your anger nearly subside.
You are no longer berserk.
You are exhausted.
You feel yourself slow down.
As you read the scroll labelled DIAXIOLORPH, it crumbles to dust.
It is a scroll of enchant armour.
Your +0 robe glows green for a moment.
As you read the scroll labelled TOROLET OFUGH, it crumbles to dust.
The scroll dissolves into smoke.
It was a scroll of fog.
(D) Dungeon (T) Temple
Where to? (Enter - D:6, ? - help)
What level of the Dungeon? (default 1, ? - help)
There is a stone staircase leading down here.
You climb downwards.
Found a wand of mindburst (8).
Found a stone staircase leading up.
There is a stone staircase leading up here.
A gargoyle is nearby!
Your +0 dagger of venom begins to drip with poison!
r - a +0 dagger of venom (weapon)
The gargoyle completely misses you.
You hit the gargoyle but do no damage. The gargoyle misses you.
You hit the gargoyle but do no damage. The gargoyle barely misses you.
You hit the gargoyle but do no damage. The gargoyle misses you.
You hit the gargoyle but do no damage. The gargoyle hits you with a +0 mace!!
Ouch! That really hurt!
The gargoyle hits you with a +0 mace.
You are too injured to fight recklessly!
There is a stone staircase leading up here.
The gargoyle hurls a stone arrow at you.
The stone arrow hits you!!
Ouch! That really hurt!
You die...

# ###.####
..#...#.9###
...../.....#
...#...@...#
#.......#
...............
..............#
...............
...............
...........##..
...<..+##### ..


You could see a gargoyle.

Vanquished Creatures
  Sigmund (D:4)
  An ice beast (D:5)
  A black bear (D:5)
  3 ogres
  5 scorpions
  A howler monkey (D:6)
  2 hounds
  A gnoll bouda (D:6)
  Jessica (D:3)
  3 iguanas
  Ijyb (D:3)
  10 gnolls
  13 adders
  3 ufetubi
  4 dart slugs
  10 orcs
  5 endoplasms
  2 giant cockroaches (D:4)
  6 goblins (D:1)
  5 hobgoblins
  6 jackals
  5 quokkas
  7 ball pythons
  5 bats
  2 frilled lizards
  5 kobolds
  3 rats
111 creatures vanquished.

Vanquished Creatures (others)
  A plant (D:4)
1 creature vanquished.

Grand Total: 112 creatures vanquished

Notes
Turn   | Place    | Note
-------+----------+-------------------------------------------
     0 | D:1      | qeuew the Spriggan Hunter began the quest for the Orb.
     0 | D:1      | Reached XP level 1. HP: 10/10 MP: 2/2
   131 | D:1      | Found a faded altar of an unknown god.
   158 | D:1      | Reached skill level 2 in Stealth
   231 | D:1      | Reached XP level 2. HP: 15/15 MP: 3/3
  1136 | D:2      | Reached XP level 3. HP: 18/18 MP: 4/4
  1386 | D:2      | Reached skill level 1 in Short Blades
  1386 | D:2      | Reached skill level 3 in Stealth
  1993 | D:3      | Noticed Jessica
  2004 | D:3      | Killed Jessica
  2005 | D:3      | Reached XP level 4. HP: 19/23 MP: 5/5
  2080 | D:3      | Found a runed translucent door.
  2081 | D:3      | Noticed Crazy Yiuf
  2095 | D:3      | Found a shadowy altar of Dithmenos.
  2099 | D:3      | Became a worshipper of Dithmenos the Shadowed
  2713 | D:3      | Found an iron altar of Okawaru.
  2716 | D:3      | Found a shimmering altar of Xom.
  2728 | D:3      | Noticed Ijyb
  2732 | D:3      | Killed Ijyb
  2733 | D:3      | Reached XP level 5. HP: 27/27 MP: 6/6
  2759 | D:3      | Found Nanuf's General Store.
  2828 | D:3      | Reached skill level 4 in Stealth
  3278 | D:4      | Noticed Sigmund
  3292 | D:5      | Entered Level 5 of the Dungeon
  3484 | D:5      | Noticed a black bear
  3487 | D:5      | Killed a black bear
  3488 | D:5      | Reached XP level 6. HP: 32/32 MP: 7/7
  3532 | D:4      | Reached skill level 5 in Ranged Weapons
  3532 | D:4      | Reached skill level 5 in Stealth
  3558 | D:4      | Found a white marble altar of Elyvilon.
  3647 | D:4      | Reached * piety under Dithmenos
  3749 | D:4      | Reached skill level 5 in Dodging
  3878 | D:4      | Killed Sigmund
  3879 | D:4      | Reached XP level 7. HP: 23/36 MP: 8/8
  4193 | D:4      | Reached skill level 6 in Stealth
  4329 | D:5      | Found an ornate altar of the Wu Jian Council.
  4418 | D:5      | Found a shimmering blue altar of Sif Muna.
  5446 | D:6      | Reached XP level 8. HP: 42/42 MP: 9/9
  5641 | D:6      | Reached skill level 7 in Stealth
  5718 | D:6      | Found a staircase to the Ecumenical Temple.
  5754 | D:6      | Reached ** piety under Dithmenos
  6203 | D:6      | Found an ancient bone altar of Kikubaaqudgha.
  6295 | D:7      | Noticed a gargoyle
  6303 | D:7      | Killed from afar by a gargoyle

Illustrated notes

Levels and vault maps discovered:
D:1:      wander_arrival_estate, layout_basic, basic_ecumenical_altar
D:2:      layout_loops_corners, bh_walls_and_bars
D:3:      layout_basic, overflow_temple_1_default,
          chequers_temple_overflow_statue_of_worship, serial_shops, shop_statue,
          minmay_misc_feat_alley, kennysheep_generic_room_16,
          uniq_crazy_yiuf_cottage, uniq_ijyb, uniq_jessica
D:4:      layout_loops_ring, nicolae_elyvilon_temple_path, uniq_sigmund
D:5:      minmay_general_purpose_star, layout_basic, nzn_wu_jian_contemplation,
          led_sif_book, skrybe_limestone_x
D:6:      layout_rooms, lemuel_round_altar, minmay_temple_entry_statues,
          nicolae_figureground_pulse
D:7:      layout_cave_pools, cheibrodos_worm_habitat,
          chequers_serial_rivers_room_a, nicolae_water_bricks

Skill      XL: |  1  2  3  4  5  6  7  8 |
---------------+-------------------------+-----
Dodging        | 3 4 5 6 |  6.7
Stealth        | 2 3 4 5 6 7 |  7.6
Fighting       | 2 3 4 |  4.1
Short Blades   | 1 2 3 4 |  4.8
Ranged Weapons | 5 6 |  6.2

Action                   |  1- 3 |  4- 6 |  7- 9 || total
-------------------------+-------+-------+-------++-------
Melee: Dagger            |     2 |     5 |    34 ||    41
       Punch             |       |       |     1 ||     1
 Fire: Shortbow          |    65 |   108 |   123 ||   296
  Use: Scroll            |     6 |     4 |     5 ||    15
       Potion            |     4 |     2 |     2 ||     8
Armor: Robe              |     1 |     1 |     1 ||     3
Dodge: Dodged            |    16 |    23 |    76 ||   115
